 Dungeon Crawl Stone Soup version 0.19-a0-979-g9f96267 (webtiles) character file.

1104 Musica the Archer (level 8, -11/50 (51) HPs)
             Began as a High Elf Hunter on July 14, 2016.
             Was a Follower of Ashenzari.
             Mangled by an orc warrior
             ... wielding a +0 hand axe
              (13 damage)
             ... in a bailey.
             The game lasted 00:23:06 (5088 turns).

Musica the Archer (High Elf Hunter)                 Turns: 5088, Time: 00:23:06

HP:   -11/50 (51)   AC: 12    Str: 11    XL:     8   Next: 11%
MP:   14/14         EV: 13    Int: 17    God:    Ashenzari [*.....]
Gold: 233           SH:  0    Dex: 18    Spells: 0 memorised, 14 levels left

rFire  . . .     SeeInvis .     a - +2 shortbow
rCold  . . .     Gourm    .     k - +0 robe (curse)
rNeg   . . .     Faith    .     (shield currently unavailable)
rPois  .         Spirit   .     c - +2 helmet (curse)
rElec  .         Dismiss  .     r - +0 cloak
rCorr  .         Reflect  .     p - +0 pair of gloves
SustAt .         Harm     .     (no boots)
MR     +....                    (no amulet)
Stlth  ++........               (no ring)
                                (no ring)

@: somewhat resistant to hostile enchantments, unstealthy
A: icy blue scales 1, slimy green scales 1, thin metallic scales 1, clever 1,
magic resistance 1, screaming 2
a: Curse Item, Scrying, Renounce Religion


You were in a bailey.
You worshipped Ashenzari.
Ashenzari was aware of your devotion.
You were not hungry.

You visited 1 branch of the dungeon, and saw 8 of its levels.
You also visited: Bailey.

You collected 233 gold pieces.

Inventory:

Hand Weapons
 a - a +2 shortbow (weapon)
 b - a +0 short sword
Missiles
 d - 29 arrows (quivered)
 e - 6 curare-tipped needles
Armour
 c - a cursed +2 helmet (worn)
 j - a +1 chain mail of magic resistance
 k - a cursed +0 robe (worn)
 l - a +2 leather armour of cold resistance
 p - a +0 pair of gloves (worn)
 r - a +0 cloak (worn)
Jewellery
 m - an uncursed ring of poison resistance
Wands
 n - a wand of confusion (37/48)
 o - a wand of polymorph (14/24)
Scrolls
 g - 8 scrolls of identify
 h - 3 scrolls of enchant weapon
Potions
 t - a potion of flight
Comestibles
 f - 6 bread rations
 q - a beef jerky
 s - 2 chunks of flesh


   Skills:
 + Level 2.4 Fighting
 + Level 12.1 Bows
 - Level 2.1 Dodging
 - Level 1.1 Stealth
 + Level 3.8 Spellcasting


You had 14 spell levels left.
You didn't know any spells.

Dungeon Overview and Level Annotations

Branches:
Dungeon (8/15)             Temple (0/1) D:5
   Lair: D:8-11

Altars:
Ashenzari
Dithmenos
Fedhas
Gozag
Okawaru
Pakellas
Xom
Yredelemnul


Innate Abilities, Weirdness & Mutations

You are partially covered in icy blue scales. (AC +1)
You are partially covered in slimy green scales. (AC +2)
You are partially covered in thin metallic scales. (AC +2)
Your mind is acute. (Int +2)
You are resistant to hostile enchantments. (MR+)
You sometimes yell uncontrollably at your foes.


Message History

Press: ? - help, Shift-Dir - straight line, f - orc warrior
Aim: an orc warrior, wielding a hand axe and wearing a ring mail You shoot an arrow.
The arrow misses the orc warrior.
Firing (i - inventory):
d - 32 arrows (quivered)
Press: ? - help, Shift-Dir - straight line, f/p - orc warrior
Aim: an orc warrior, wielding a hand axe and wearing a ring mail You shoot an arrow.
The arrow hits the orc warrior.
The orc warrior is lightly wounded.
Firing (i - inventory):
d - 31 arrows (quivered)
Press: ? - help, Shift-Dir - straight line, f/p - orc warrior
Aim: an orc warrior, wielding a hand axe and wearing a ring mail (lightly wounded)
You shoot an arrow. The arrow hits the orc warrior.
The orc warrior is lightly wounded.
Firing (i - inventory):
d - 30 arrows (quivered)
Press: ? - help, Shift-Dir - straight line, f/p - orc warrior
Aim: an orc warrior, wielding a hand axe and wearing a ring mail (lightly wounded)
You shoot an arrow.
The arrow closely misses the orc warrior.
The orc warrior hits you with a hand axe!
You die...

####'## ##.....##
#.......#
##.......##
#.........#
##......g..##
#.....⌠.....#
#(....o@..#
#.....(...#
##.(.....##.......##
'..(......'.......#
#...(.....##.....##
.....⌠....(#######
#...(.....#
#...(.....#
#..(.g..#


You could see an orc warrior and a goblin.

Vanquished Creatures
  Eustachio (D:4)
  An orc warrior (Bailey)
  A necrophage (D:7)
  An ogre (D:6)
  A giant frog (D:6)
  A giant frog zombie (D:5)
  3 orc priests
  A hound (D:3)
  4 orc wizards
  An iguana (D:5)
  Ijyb (D:2)
  Terence (D:2)
  Robin (D:2)
  4 gnolls
  10 adders
  An ooze (D:2)
  A worm (D:2)
  3 dart slugs
  2 giant geckos
  16 orcs
  5 ball pythons
  7 giant cockroaches
  12 goblins
  8 hobgoblins
  16 jackals
  4 quokkas
  13 bats
  A giant gecko skeleton (D:5)
  A giant gecko zombie (D:5)
  8 giant newts
  6 kobolds
  9 rats
145 creatures vanquished.

Notes
Turn   | Place    | Note
-------+----------+-------------------------------------------
     0 | D:1      | Musica the High Elf Hunter began the quest for the Orb.
     0 | D:1      | Reached XP level 1. HP: 14/14 MP: 2/2
   294 | D:1      | Reached XP level 2. HP: 10/19 MP: 3/3
   320 | D:1      | Reached skill level 6 in Bows
  1221 | D:2      | Noticed Terence
  1236 | D:2      | Reached XP level 3. HP: 24/24 MP: 4/4
  1238 | D:2      | Killed Terence
  1259 | D:2      | Found a shattered altar of Ashenzari.
  1319 | D:2      | Reached skill level 7 in Bows
  1377 | D:2      | Reached XP level 4. HP: 29/29 MP: 6/6
  1453 | D:2      | Reached skill level 1 in Spellcasting
  1757 | D:2      | Gained mutation: You are partially covered in rough black scales. (AC +4, Dex -1) [potion of mutation]
  1757 | D:2      | Gained mutation: You are partially covered in thin metallic scales. (AC +2) [potion of mutation]
  1757 | D:2      | Gained mutation: You occasionally shout uncontrollably at your foes. [potion of mutation]
  1808 | D:2      | Noticed Robin
  1818 | D:2      | Killed Robin
  1875 | D:2      | Found a blossoming altar of Fedhas.
  1903 | D:2      | Noticed Ijyb
  1908 | D:2      | Killed Ijyb
  1908 | D:2      | Reached XP level 5. HP: 34/34 MP: 6/8
  2068 | D:2      | Reached skill level 8 in Bows
  2653 | D:3      | Found a basalt altar of Yredelemnul.
  2664 | D:3      | Found an oddly glowing altar of Pakellas.
  2729 | D:3      | Found an opulent altar of Gozag.
  2731 | D:3      | Found a shimmering altar of Xom.
  2838 | D:3      | Found an iron altar of Okawaru.
  2911 | D:3      | Found a shadowy altar of Dithmenos.
  3012 | D:2      | Became a worshipper of Ashenzari the Shackled
  3075 | D:4      | Noticed Eustachio
  3285 | D:4      | Killed Eustachio
  3285 | D:4      | Reached skill level 9 in Bows
  3285 | D:4      | Reached XP level 6. HP: 40/40 MP: 9/11
  3434 | D:5      | Entered Level 5 of the Dungeon
  3572 | D:4      | Gained mutation: You are partially covered in icy blue scales. (AC +1) [potion of mutation]
  3572 | D:4      | Gained mutation: You are resistant to hostile enchantments. (MR+) [potion of mutation]
  3572 | D:4      | Gained mutation: You sometimes yell uncontrollably at your foes. [potion of mutation]
  3573 | D:4      | Gained mutation: Your mind is acute. (Int +2) [potion of mutation]
  3573 | D:4      | Lost mutation: You are partially covered in rough black scales. (AC +4, Dex -1) [potion of mutation]
  3573 | D:4      | Gained mutation: You are partially covered in slimy green scales. (AC +2) [potion of mutation]
  3898 | D:4      | Reached skill level 10 in Bows
  3898 | D:4      | Reached XP level 7. HP: 22/45 MP: 12/12
  4383 | D:5      | Found a staircase to the Ecumenical Temple.
  4478 | D:5      | Reached * piety under Ashenzari
  4839 | D:7      | Reached skill level 11 in Bows
  5023 | D:8      | Found a flagged portal.
  5030 | Bailey   | Entered a bailey
  5054 | Bailey   | Reached XP level 8. HP: 50/50 MP: 14/14
  5077 | Bailey   | Reached skill level 12 in Bows
  5079 | Bailey   | HP: 1/50 [hobgoblin/hand axe (4)]
  5088 | Bailey   | Mangled by an orc warrior

Vault maps used:
D:1:      ncdulo_watergridlock, serial_forest, infiniplex_forest_lined_room_,
          infiniplex_forest_clump_tiny, infiniplex_forest_end_2,
          infiniplex_forest_end_1, infiniplex_forest_clump_curved,
          infiniplex_forest_lined_room_3, minmay_statues_item
D:2:      ashenzari_altar_1, fedhas_altar_4, uniq_iyjb, uniq_robin, uniq_terence
D:3:      nicolae_overflow_hidden_temple,
          nicolae_dithmenos_through_a_glass_darkly
D:4:      first_bread, uniq_eustachio
D:6:      lemuel_doored_altar
D:7:      the_bakery, nemelex_xobeh_ov_fountains_minmay
D:8:      serial_shops, shop, enter_bailey_2, kennysheep_pointless_box
Bailey:   bailey_axe_minmay_hex_keep, bailey

Skill      XL: |  1  2  3  4  5  6  7  8 |
---------------+-------------------------+-----
Bows           | 6 7 9 10 11 12 | 12.1
Spellcasting   | 1 2 3 |  3.8
Fighting       | |  2.4
Dodging        | |  2.1
Stealth        | |  1.1

Action                   |  1- 3 |  4- 6 |  7- 9 || total
-------------------------+-------+-------+-------++-------
Melee: Short sword       |    42 |       |     4 ||    46
 Fire: Shortbow          |    44 |   253 |   158 ||   455
Invok: Curse Item        |       |       |     1 ||     1
  Use: Potion            |       |    10 |     2 ||    12
       Scroll            |       |     5 |     3 ||     8
 Stab: Sleeping          |     1 |       |       ||     1
  Eat: Chunk             |     1 |     8 |     4 ||    13
Armor: Leather armour    |    19 |       |       ||    19
       Chain mail        |    14 |       |       ||    14
       Robe              |       |    54 |    36 ||    90
Dodge: Dodged            |    33 |    85 |    63 ||   181
